 Dungeon Crawl Stone Soup version 0.18-a0-1485-g189885c (webtiles) character file.

4928 uiiiytp the Carver (level 10, -7/79 HPs)
             Began as a Merfolk Fighter on Mar 3, 2016.
             Killed by nerve-wracking pain
             ... invoked by a shadow imp
              (13 damage)
             ... on level 8 of the Dungeon.
             The game lasted 00:46:30 (7866 turns).

uiiiytp the Carver (Merfolk Fighter)                Turns: 7866, Time: 00:46:30

Health: -7/79      AC: 19    Str: 19    XL:     10   Next: 52%
Magic:  10/10      EV:  6    Int: 13    God:
Gold:   475        SH: 13    Dex: 14    Spells: 0 memorised, 9 levels left

rFire  . . .     SeeInvis .     u - +2 long sword (slice)
rCold  . . .     Gourm    .     z - +2 plate armour
rNeg   . . .     Faith    .     C - +2 shield
rPois  .         Spirit   .     R - +0 helmet
rElec  .         Dismiss  .     s - +0 cloak
rCorr  .         Reflect  .     j - +0 pair of gloves
SustAt +         Harm     .     t - +0 pair of boots
MR     .....                    (no amulet)
Stlth  ..........               (no ring)
                                M - ring of sustain attributes

@: brilliant, lethally poisoned (-7 -> -8), not resistant to hostile
enchantments, extremely unstealthy
A: change form in water, swift swim
a: no special abilities


You were on level 8 of the Dungeon.
You were not hungry.

You visited 2 branches of the dungeon, and saw 9 of its levels.
You also visited: Ossuary.

You collected 475 gold pieces.

Inventory:

Hand Weapons
 a - a +0 war axe
 e - a +0 hand axe of freezing
 h - a +0 hunting sling
 m - a cursed -3 hand axe
 u - a +2 long sword of slicing (weapon)
 x - a cursed -2 dagger
 B - a +0 shortbow
 E - a +0 shortbow
 G - a +1 spear of distortion
 S - a +1 halberd
Armour
 b - a +0 scale mail
 c - a +0 shield
 j - a +0 pair of gloves (worn)
 k - a +0 scale mail of cold resistance
 q - a +0 chain mail
 s - a +0 cloak (worn)
 t - a +0 pair of boots (worn)
 z - a +2 plate armour (worn)
 C - a +2 shield (worn)
 R - a +0 helmet (worn)
Jewellery
 M - a ring of sustain attributes (left hand)
Wands
 D - a wand of random effects (33/48)
 F - a wand of iceblast (5/15)
Scrolls
 d - a scroll of fog
 i - a scroll of silence
 l - 2 scrolls of fear
 r - 3 scrolls of remove curse
 y - a scroll of identify
 I - a scroll of blinking
 J - a scroll of enchant armour
 O - 2 scrolls of teleportation
 P - a scroll of enchant weapon {unknown}
Potions
 g - a potion of resistance {unknown}
 n - 5 potions of agility
 o - a potion of mutation
 p - a potion of flight
 v - a potion of invisibility {unknown}
 A - 2 potions of curing
 H - a potion of cure mutation {unknown}
 K - a potion of lignification {unknown}
 N - 2 potions of might
 Q - a potion of cancellation
Books
 w - a Necronomicon

   Spells                             Type                      Level
   a - Haunt                          Necromancy/Summoning         7
   b - Borgnjor's Revivification      Necromancy                   8
   c - Death's Door                   Charms/Necromancy            8
   d - Necromutation                  Transmutation/Necromancy     8
Comestibles
 f - 8 bread rations


   Skills:
 + Level 7.3 Fighting
 * Level 9.1 Long Blades
 + Level 1.8 Axes
 + Level 5.2 Armour
 + Level 4.2 Dodging
 + Level 1.3 Stealth
 + Level 9.0 Shields


You had 9 spell levels left.
You didn't know any spells.

Dungeon Overview and Level Annotations

Branches:
Dungeon (8/15)             Temple (1/1) D:7
   Lair: D:8-11

Altars:
Ashenzari
Cheibriados
Dithmenos
Fedhas
Gozag
Kikubaaqudgha
Makhleb
Nemelex Xobeh
Okawaru
Pakellas
Qazlal
Ru
Sif Muna
Trog
Vehumet
Xom
Yredelemnul
Zin
The Shining One


Message History

The crimson imp closely misses you.
You slash the water moccasin!
You kill the water moccasin!
You feel sick.
The crimson imp blinks!
You feel sick.
You feel sick.
Drink which item? (? for menu, Esc to quit)
It was a potion of brilliance.
You feel clever all of a sudden.
The crimson imp blinks!
A shadow imp is nearby!
You feel sick.
You closely miss the shadow imp. The shadow imp gestures at you.
Pain shoots through your body!
* * * LOW HITPOINT WARNING * * *
You feel sick. The shadow imp gestures at you. Pain shoots through your body!
You die...

........# #......# #..[...#
+#### #....).# ..... ..#.#.#
...... #.#.#.##......
#(#.#5.....#
######.#.#..###.... # #
#......#.#@.# # ....
.......#.#..# #.#.
............# #.#.
........##.### ###...
.........#... #.....
#+#.#.##.#.###### #.....
#.#.#......##...# #.....
#.#....#.#.##.#.#### #.....
#####.#.##.#...##.#....###.....


You could see a shadow imp.

Vanquished Creatures
  Erolcha (D:8)
  The ghost of namelastname112 the Skirmisher, an amateur DrWn (D:5)
  A two-headed ogre (D:8)
  The ghost of Galewind the Stinger, an amateur GrWz (D:4)
  Grum (D:8)
  Eustachio (D:5)
  4 wolves (D:8)
  2 water moccasins (D:8)
  3 sky beasts (D:8)
  A black bear (D:6)
  A phantom (D:7)
  An ice beast (D:5)
  3 ogres
  3 centaurs
  4 giant frogs
  A gnoll sergeant (D:8)
  A wyvern zombie (D:7)
  2 scorpions (D:5)
  2 crimson imps
  2 centaur zombies
  2 hounds
  2 giant frog zombies (D:7)
  5 orc wizards
  An orc priest (D:3)
  2 giant frog skeletons
  3 iguanas
  A jelly (D:7)
  5 worker ants
  2 hound skeletons (D:7)
  13 mummies (Ossuary)
  3 gnolls (D:8)
  11 adders
  An adder skeleton (D:5)
  6 worms
  4 giant geckos
  17 orcs
  A ball python (D:1)
  7 bats
  5 giant cockroaches
  7 goblins
  6 hobgoblins
  17 jackals
  12 kobolds
  5 quokkas
  3 giant newts
  2 gnoll skeletons (Ossuary)
  3 goblin skeletons (Ossuary)
  A kobold skeleton (Ossuary)
  2 orc skeletons (Ossuary)
  A quokka skeleton (D:7)
  5 rats
  11 rat skeletons (Ossuary)
202 creatures vanquished.

Vanquished Creatures (others)
  An orc warrior (D:6)
1 creature vanquished.

Grand Total: 203 creatures vanquished

Notes
Turn   | Place    | Note
--------------------------------------------------------------
     0 | D:1      | uiiiytp the Merfolk Fighter began the quest for the Orb.
     0 | D:1      | Reached XP level 1. HP: 18/18 MP: 1/1
   152 | D:1      | Reached XP level 2. HP: 22/24 MP: 2/2
   159 | D:1      | Found a shattered altar of Ashenzari.
   740 | D:2      | Reached XP level 3. HP: 27/29 MP: 3/3
   828 | D:2      | Found a snail-covered altar of Cheibriados.
   834 | D:2      | Reached skill level 1 in Dodging
  1141 | D:2      | Reached XP level 4. HP: 27/37 MP: 4/4
  2014 | D:3      | Reached XP level 5. HP: 15/42 MP: 5/5
  2320 | D:3      | Reached skill level 1 in Long Blades
  2776 | D:3      | Reached XP level 6. HP: 44/48 MP: 6/6
  2921 | D:4      | Noticed Galewind's ghost (amateur GrWz)
  2929 | D:4      | Killed Galewind's ghost
  2939 | D:4      | Reached XP level 7. HP: 17/55 MP: 7/7
  3660 | D:4      | Found an ancient bone altar of Kikubaaqudgha.
  3863 | D:5      | Entered Level 5 of the Dungeon
  3863 | D:5      | Noticed namelastname112's ghost (amateur DrWn)
  3882 | D:5      | Killed namelastname112's ghost
  3882 | D:5      | Reached skill level 5 in Shields
  4106 | D:5      | Reached skill level 5 in Fighting
  4106 | D:5      | Reached XP level 8. HP: 60/62 MP: 8/8
  4543 | D:5      | Noticed Eustachio
  4555 | D:5      | Killed Eustachio
  4683 | D:6      | Reached skill level 5 in Long Blades
  4713 | D:6      | Found a deep blue altar of Sif Muna.
  4983 | D:6      | Reached XP level 9. HP: 35/69 MP: 9/9
  5754 | D:7      | Reached skill level 1 in Stealth
  5764 | D:7      | Found a staircase to the Ecumenical Temple.
  6263 | D:7      | Found a sand-covered staircase.
  6291 | Ossuary  | Entered an ossuary
  6836 | Temple   | Entered the Ecumenical Temple
  6949 | D:8      | Noticed Erolcha
  6992 | D:8      | Killed Erolcha
  6992 | D:8      | Reached XP level 10. HP: 5/79 MP: 10/10
  7501 | D:8      | Reached skill level 5 in Armour
  7628 | D:8      | Noticed Grum
  7634 | D:8      | Killed Grum
  7866 | D:8      | Killed from afar by a shadow imp

Vault maps used:
D:1:      wheals_arrival_shading, minivault_14, minmay_liquid_box,
          ashenzari_altar_1
D:2:      cheibriados_altar_1
D:4:      kennysheep_little_box, first_bread
D:5:      uniq_eustachio
D:6:      basic_altar, minmay_misc_feat_cross
D:7:      minmay_temple_entry_trees, enter_ossuary_5
D:8:      uniq_erolcha, uniq_grum
Temple:   grunt_circular_temple_18
Ossuary:  ossuary_due_small_catacomb

Skill      XL: |  1  2  3  4  5  6  7  8  9 10 |
---------------+-------------------------------+-----
Dodging        | 1 2 3 4 |  4.2
Fighting       | 4 5 7 |  7.3
Armour         | 3 4 5 |  5.2
Shields        | 4 5 7 8 9 |  9.0
Long Blades    | 1 2 3 5 7 9 |  9.1
Stealth        | 1 |  1.3
Axes           | |  1.8

Action                   |  1- 3 |  4- 6 |  7- 9 | 10-12 || total
-------------------------+-------+-------+-------+-------++-------
Melee: Hand axe          |   113 |    10 |       |       ||   123
       Long sword        |       |   141 |   399 |   124 ||   664
  Use: Potion            |       |     2 |    13 |     3 ||    18
       Scroll            |       |     4 |    14 |       ||    18
  Eat: Chunk             |     1 |     4 |     2 |       ||     7
       Beef jerky        |       |     1 |     2 |       ||     3
       Meat ration       |       |       |     2 |       ||     2
       Bread ration      |       |       |       |     1 ||     1
